 Dungeon Crawl Stone Soup version 0.28-a0-1202-g1e6f1b2279 (webtiles) character file.

Game seed: 13684624985848014445

780 Ijustatesigmund the Cleaver (level 7, -4/64 HPs)
             Began as a Hill Orc Fighter on Dec 20, 2021.
             Killed from afar by a steam dragon (24 damage)
             ... with a ball of steam
             ... on level 4 of the Dungeon.
             The game lasted 00:06:02 (3747 turns).

Ijustatesigmund the Cleaver (Hill Orc Fighter)      Turns: 3747, Time: 00:06:04

Health: -4/64      AC: 11    Str: 19    XL:     7   Next: 85%
Magic:  7/7        EV:  7    Int: 10    God:
Gold:   346        SH:  5    Dex: 10    Spells: 6/6 levels left

rFire   . . .      SeeInvis .   d - +6 flail
rCold   . . .      Faith    .   c - +0 buckler
rNeg    . . .      Spirit   .   b - +0 chain mail
rPois   .          Reflect  .   (no helmet)
rElec   .          Harm     .   (no cloak)
rCorr   .          Rampage  .   (no gloves)
Will    .....                   e - +1 pair of boots
Stlth   ..........              (no amulet)
HPRegen 0.20/turn               (no ring)
MPRegen 0.10/turn               (no ring)

@: studying Shields
A: no striking features
a: no special abilities


You were on level 4 of the Dungeon.
You visited 1 branch of the dungeon, and saw 6 of its levels.

You collected 346 gold pieces.

Inventory:

Hand Weapons
 a - a +1 war axe
 d - a +6 flail (weapon)
Missiles
 j - 11 poisoned darts (quivered)
Armour
 b - a +0 chain mail (worn)
 c - a +0 buckler (worn)
 e - a +1 pair of boots (worn)
Scrolls
 f - a scroll of silence
 g - 3 scrolls of enchant weapon
 h - a scroll of identify
Potions
 i - a potion of brilliance


   Skills:
 + Level 6.8 Fighting
 + Level 8.5 Axes
 - Level 3.2 Armour
 + Level 5.8 Shields


You had 6 spell levels left.
You didn't know any spells.
Your spell library contained the following spells:

 Spells                   Type           Power      Damage    Failure   Level
 Frozen Ramparts          Ice            0%         1d2       100%        3
 Ozocubu's Armour         Ice            0%         N/A       100%        3
 Ice Form                 Ice/Tmut       0%         N/A       100%        4
 Summon Ice Beast         Ice/Summ       0%         N/A       100%        4
 Metabolic Englaciation   Hex/Ice        0%         N/A       100%        5
 Simulacrum               Ice/Necr       0%         N/A       100%        6


Dungeon Overview and Level Annotations

Branches:
Dungeon (6/15)
 Temple: D:4-7

Altars:

Annotations:
D:5 Pikel


Message History

You hit the hound but do no damage.
The hound is moderately wounded.
You slash the gnoll!
You kill the gnoll!
The hound bites you but does no damage. You block the hound's attack.
You slash the hound!
You kill the hound!
You slash the gnoll!
An adder comes into view.
The gnoll hits you with a +0 flail!
d - a +6 flail (weapon)
The adder hisses angrily.
Okay, then.
As you read the scroll of identify, it crumbles to dust.
i - a potion of brilliance The gnoll hits you with a +0 flail.
As you read the scroll of identify, it crumbles to dust.
f - a scroll of silence The gnoll hits you with a +0 flail!
You hit the gnoll.
You kill the gnoll!
The steam dragon bites you. You block the steam dragon's attack.
You closely miss the steam dragon. The steam dragon barely misses you.
The steam dragon claws you but does no damage.
You barely miss the steam dragon. The steam dragon bites you.
The steam dragon completely misses you.
You closely miss the steam dragon. The steam dragon bites you.
The steam dragon claws you but does no damage.
You sock the steam dragon!
The steam dragon is moderately wounded.
The steam dragon breathes steam at you. The ball of steam hits you.
You sock the steam dragon!
The steam dragon is almost dead.
You are engulfed in a cloud of scalding steam.
The steam dragon closely misses you.
The steam dragon claws you but does no damage.
The steam dragon breathes steam at you. The ball of steam hits you!!
You die...

##.#.##
##.#.##
##.#)##
##.#.##
##.#.##
##.#.##
##§#.##
#.#§##
#§#@##
##.#D#
##§#g#
##§#S#
#§#.#
#.#.#
#.#.#
#.#.#
#.##


You could see a steam dragon (catching breath), a gnoll and an adder.

Vanquished Creatures
  A steam dragon (D:5)
  A sky beast (D:6)
  A black bear (D:6)
  A centaur (D:6)
  A water moccasin skeleton (D:6)
  5 hounds
  An orc priest (D:5)
  An iguana (D:4)
  An orc wizard (D:5)
  3 gnolls
  4 adders
  A dart slug (D:3)
  3 orcs
  A ball python (D:3)
  9 bats
  8 endoplasms
  2 giant cockroaches
  4 goblins
  5 hobgoblins
  10 jackals (D:1)
  5 kobolds
  4 quokkas
  4 frilled lizards
  3 rats (D:3)
79 creatures vanquished.

Vanquished Creatures (others)
  An endoplasm (D:4)
  5 plants (D:1)
  5 toadstools (D:3)
11 creatures vanquished.

Grand Total: 90 creatures vanquished

Notes
Turn   | Place    | Note
-------+----------+-------------------------------------------
     0 | D:1      | Ijustatesigmund the Hill Orc Fighter began the quest for
                  | the Orb.
     0 | D:1      | Reached XP level 1. HP: 19/19 MP: 1/1
   171 | D:1      | Reached skill level 3 in Axes
   320 | D:1      | Reached XP level 2. HP: 16/27 MP: 2/2
   557 | D:1      | Reached skill level 4 in Axes
   563 | D:1      | Reached XP level 3. HP: 29/33 MP: 3/3
  1905 | D:2      | Identified a scroll of acquirement
  1905 | D:2      | Acquired a manual of Shields
  1925 | D:3      | You fall into a shaft and drop 3 floors!
  1925 | D:6      | Noticed a black bear
  1931 | D:6      | Reached XP level 4. HP: 41/41 MP: 4/4
  1935 | D:6      | Killed a black bear
  1936 | D:6      | Reached skill level 5 in Axes
  1936 | D:6      | Reached XP level 5. HP: 40/47 MP: 5/5
  1937 | D:6      | Reached skill level 5 in Fighting
  1937 | D:6      | Reached skill level 6 in Axes
  2078 | D:6      | Noticed a centaur
  2087 | D:6      | Reached XP level 6. HP: 37/56 MP: 6/6
  2093 | D:6      | Reached skill level 7 in Axes
  2261 | D:5      | Entered Level 5 of the Dungeon
  2261 | D:5      | Noticed Pikel
  2261 | D:5      | Noticed a black bear
  2292 | D:6      | Noticed a sky beast
  2303 | D:6      | Killed a sky beast
  2304 | D:6      | Reached XP level 7. HP: 47/63 MP: 7/7
  3254 | D:4      | Reached skill level 8 in Axes
  3254 | D:4      | Noticed a steam dragon
  3453 | D:5      | Killed a steam dragon
  3454 | D:5      | Reached skill level 5 in Shields
  3726 | D:4      | Noticed a steam dragon
  3747 | D:4      | Killed from afar by a steam dragon

Illustrated notes

Levels and vault maps discovered:
D:1:      tarquinn_simple_flora_water_e, layout_basic,
          chequers_serial_rivers_micro_b, nicolae_grassy_gnolls
D:2:      layout_basic, minmay_pentomino_q4
D:3:      layout_loops_cross, minmay_gold_behind_fungi
D:4:      minmay_inner_zag, layout_loops_ring, nemelex_diamond_rough_becter
D:5:      layout_loops_ring, minmay_temple_entry_antechambers, uniq_pikel,
          uniq_menkaure, uniq_sigmund
D:6:      layout_rooms, uniq_grinder

Skill      XL: |  1  2  3  4  5  6  7 |
---------------+----------------------+-----
Axes           | 3 4 5 6 7 8 |  8.5
Fighting       | 4 5 6 |  6.8
Shields        | 4 5 |  5.8
Armour         | |  3.2

Action                   |  1- 3 |  4- 6 |  7- 9 || total
-------------------------+-------+-------+-------++-------
Melee: War axe           |   124 |    37 |    86 ||   247
       Flail             |       |       |    17 ||    17
Throw: Dart              |       |       |     2 ||     2
  Use: Scroll            |     6 |       |     2 ||     8
       Potion            |     1 |       |       ||     1
Armor: Scale mail        |    71 |       |       ||    71
       Chain mail        |     2 |    40 |    80 ||   122
Dodge: Dodged            |    78 |    21 |    44 ||   143
Block: Buckler           |    30 |    13 |    18 ||    61

Table legend: (Time is in decaauts)
 A = Elapsed time spent in this place.
 B = Non-inter-level travel time spent in this place.
 C = Inter-level travel time spent in this place.
 D = Time resting spent in this place.
 E = Time spent auto-exploring this place.
 F = Levels seen in this place.
 G = Mean time per level.
                   A        B        C        D        E       F      G
               +--------+--------+--------+--------+--------+-----+--------+
         Total |   3807 |   3695 |    112 |    796 |   2154 |   6 |  634.5 |
       Dungeon |   3807 |   3695 |    112 |    796 |   2154 |   6 |  634.5 |
               +--------+--------+--------+--------+--------+-----+--------+

Top non-repeatable levels by time:
     D:1: 1284 daAuts
     D:3: 700 daAuts
     D:2: 682 daAuts
     D:6: 518 daAuts
     D:5: 334 daAuts
     D:4: 288 daAuts
